 Dungeon Crawl Stone Soup version 0.18.1-6-gd335043 (webtiles) character file.

73 M4edhros the Insei (level 4, 0/35 HPs)
             Began as a Mummy Monk on May 18, 2016.
             Slain by a worker ant (1 damage)
             ... on level 3 of the Dungeon.
             The game lasted 00:01:48 (2944 turns).

M4edhros the Insei (Mummy Monk)                     Turns: 2944, Time: 00:01:49

Health: 0/35       AC:  2    Str: 14    XL:     4   Next: 8%
Magic:  4/4        EV: 13    Int:  9    God:
Gold:   101        SH:  0    Dex: 17    Spells: 0 memorised, 3 levels left

rFire  x . .     SeeInvis .       - Unarmed
rCold  + . .     Gourm    .     (no armour)
rNeg   + + +     Faith    .     (no shield)
rPois  ∞         Spirit   .     (no helmet)
rElec  .         Dismiss  .     d - +0 cloak
rCorr  .         Reflect  .     (no gloves)
SustAt .         Harm     .     c - +0 pair of boots
MR     .....                    (no amulet)
Stlth  +++.......               j - +2 ring of dexterity
                                h - ring of stealth

@: not resistant to hostile enchantments, fairly stealthy
A: no food or potions, fire vulnerability, cold resistance 1, negative energy
resistance 3, torment resistance, unbreathing
a: no special abilities


You were on level 3 of the Dungeon.
You were not hungry.

You visited 1 branch of the dungeon, and saw 3 of its levels.

You collected 101 gold pieces.

Inventory:

Armour
 c - a +0 pair of boots (worn)
 d - a +0 cloak (worn)
Jewellery
 h - a ring of stealth (left hand)
 j - a +2 ring of dexterity (right hand)
Scrolls
 a - 4 scrolls of identify {unknown}
 b - a scroll of immolation {unknown}
 e - a scroll of random uselessness {unknown}
 f - a scroll of noise {unknown}
 g - a scroll of teleportation {unknown}
 i - a scroll of remove curse {unknown}


   Skills:
 - Level 3.0 Fighting
 - Level 2.4 Dodging
 - Level 1.5 Stealth
 + Level 4.6 Unarmed Combat


You had 3 spell levels left.
You didn't know any spells.

Dungeon Overview and Level Annotations

Branches:
Dungeon (3/15)

Altars:
The Shining One


Innate Abilities, Weirdness & Mutations

You do not eat or drink.
Your flesh is vulnerable to fire.
You are immune to poison.
Your flesh is cold resistant.
You are immune to negative energy.
You are immune to unholy pain and torment.
You can survive without breathing.


Message History

The worker ant is almost dead.
The worker ant barely misses you.
You hit the worker ant but do no damage.
The worker ant is almost dead.
The worker ant bites you.
You hit the worker ant but do no damage.
The worker ant is almost dead.
The worker ant bites you.
You barely miss the worker ant.
The worker ant is almost dead.
The worker ant bites you.
* * * LOW HITPOINT WARNING * * *
You hit the worker ant but do no damage.
The worker ant is almost dead.
The worker ant bites you.
* * * LOW HITPOINT WARNING * * *
You barely miss the worker ant.
The worker ant is almost dead.
The worker ant bites you.
You die...

#.#############
######.###
#........#
#.##..##.#### ###
..... #....#
#...#.##..##.##.#
:.... .........#
......########>.##
.....ba@.........#
!.....########...#
.....
###...####### #...
#............ ##.
#.#.........# ..
#.#..####.#.# .
#.#.........#
#.##....#.#.# #.
#.#####.#.#.#


You could see a worker ant and a bat.

Vanquished Creatures
  4 adders
  A worm (D:2)
  2 dart slugs
  A giant gecko (D:2)
  A giant cockroach (D:3)
  4 hobgoblins
  3 jackals (D:2)
  2 kobolds
  A quokka (D:3)
  A ball python (D:3)
  2 bats
  A giant newt (D:2)
  4 goblins
  A rat (D:1)
28 creatures vanquished.

Notes
Turn   | Place    | Note
--------------------------------------------------------------
     0 | D:1      | M4edhros the Mummy Monk began the quest for the Orb.
     0 | D:1      | Reached XP level 1. HP: 18/18 MP: 1/1
     6 | D:1      | beggining quest for mummy monk. boom! mumo forever!
   858 | D:2      | Reached XP level 2. HP: 24/24 MP: 2/2
  1297 | D:2      | Reached skill level 4 in Unarmed Combat
  1564 | D:2      | Reached XP level 3. HP: 28/29 MP: 3/3
  2328 | D:3      | Found a glowing golden altar of the Shining One.
  2691 | D:3      | Reached XP level 4. HP: 21/35 MP: 4/4
  2943 | D:3      | HP: 1/35 [worker ant (4)]
  2944 | D:3      | Slain by a worker ant

Skill      XL: |  1  2 |
---------------+-------+-----
Unarmed Combat | 4 |  4.6
Fighting       | |  3.0
Dodging        | |  2.4
Stealth        | |  1.5

Action                   |  1- 3 |  4- 6 || total
-------------------------+-------+-------++-------
Melee: Unarmed           |   116 |    35 ||   151
       Punch             |     4 |       ||     4
 Stab: Sleeping          |     2 |     2 ||     4
Armor: Skin              |    13 |     2 ||    15
Dodge: Dodged            |    68 |    18 ||    86
